 Dungeon Crawl Stone Soup version 0.29.1 (webtiles) character file.

Game seed: 18356248950805822364

147 Mgcat the Chopper (level 5, -4/47 HPs)
             Began as a Hill Orc Fighter on Sept 12, 2022.
             Was a Follower of Beogh.
             Slain by a centaur (6 damage)
             ... on level 4 of the Dungeon.
             The game lasted 00:03:31 (2058 turns).

Mgcat the Chopper (Hill Orc Fighter)                Turns: 2058, Time: 00:03:32

Health: -4/47      AC:  7    Str: 21      XL:     5   Next: 29%
Magic:  5/5        EV:  9    Int:  8      God:    Beogh [*.....]
Gold:   59         SH:  4    Dex:  9 (10) Spells: 4/4 levels left

rFire   . . .      SeeInvis .   a - +0 war axe
rCold   . . .      Faith    .   c - +0 buckler
rNeg    . . .      Spirit   .   b - +0 scale mail
rPois   .          Reflect  .   (no helmet)
rElec   .          Harm     .   (no cloak)
rCorr   .          Rampage  .   (no gloves)
Will    .....                   (no boots)
Stlth   ..........              (no amulet)
HPRegen 0.15/turn               (no ring)
MPRegen 0.09/turn               (no ring)

@: no status effects
A: no striking features
a: Renounce Religion


You were on level 4 of the Dungeon.
You worshipped Beogh.
Beogh was aware of your devotion.
You visited 1 branch of the dungeon, and saw 3 of its levels.

You collected 59 gold pieces.

Inventory:

Hand Weapons
 a - a +0 war axe (weapon)
Armour
 b - a +0 scale mail (worn)
 c - a +0 buckler (worn)
Jewellery
 e - a ring of magical power {MP+9}
   (You found it on level 1 of the Dungeon)
Scrolls
 g - a scroll of fog {unknown}
 h - a scroll of teleportation {unknown}
 i - a scroll of noise {unknown}
 j - a scroll of enchant weapon {unknown}


   Skills:
 + Level 4.5 Fighting
 * Level 4.8 Axes
 + Level 4.0 Armour
 + Level 4.1 Shields


You had 4 spell levels left.
You didn't know any spells.
Your spell library contained the following spells:

 Spells                   Type           Power      Damage    Failure   Level
 Gell's Gravitas          Tloc           0%         N/A       99%         3
 Lesser Beckoning         Tloc           0%         N/A       99%         3
 Teleport Other           Tloc           0%         N/A       99%         3


Dungeon Overview and Level Annotations

Branches:
Dungeon (2/15)             Temple (0/1) D:4

Altars:
Beogh

Shops:
D:4 (?(


Message History

Spoiler Alert: The centaur (wandering) is fast and can hit for moderate damage at range!
The centaur shouts!
The centaur wields a +0 shortbow.
The centaur shoots an arrow.
The arrow hits you!
The centaur shoots an arrow.
The arrow closely misses you.
You take 11 damage, and have 36/47 hp.
MASSIVE DAMAGE!!
Spoiler Alert: The centaur is fast and can hit for moderate damage at range!
You start resting.
A centaur is nearby!
The centaur zaps a wand.
The mass of ice explodes!
The iceblast engulfs you!
You take 9 damage, and have 28/47 hp.
The centaur zaps a wand.
The mass of ice explodes!
The iceblast engulfs you!
You take 8 damage, and have 20/47 hp.
Spoiler Alert: The centaur is fast and can hit for moderate damage at range!
The centaur unwields a +0 shortbow.
The centaur barely misses you. The centaur misses you.
The centaur hits you but does no damage.
You block the centaur's attack.
You hit the centaur but do no damage. The centaur closely misses you.
You block the centaur's attack. The centaur barely misses you.
The centaur kicks you but does no damage.
Spoiler Alert: The centaur is fast and can hit for moderate damage at range!
You barely miss the centaur. The centaur hits you. The centaur kicks you.
The centaur hits you but does no damage.
The centaur kicks you but does no damage.
You take 3 damage, and have 18/47 hp.
You barely miss the centaur. The centaur barely misses you.
The centaur kicks you but does no damage.
Spoiler Alert: The centaur is fast and can hit for moderate damage at range!
You completely miss the centaur. The centaur hits you.
You block the centaur's attack. The centaur hits you.
* * * LOW HITPOINT WARNING * * *
The centaur kicks you but does no damage.
You take 8 damage, and have 10/47 hp.
You aren't carrying any potions.
Spoiler Alert: The centaur is fast and can hit for moderate damage at range!
Unknown command.
Unknown command.
You slash the centaur!
The centaur is heavily wounded.
The centaur hits you but does no damage.
The centaur kicks you but does no damage.
The centaur misses you. You block the centaur's attack.
Spoiler Alert: The centaur is fast and can hit for moderate damage at range!
You barely miss the centaur.
The centaur is heavily wounded.
You block the centaur's attack.
The centaur kicks you but does no damage.
The centaur hits you but does no damage.
The centaur kicks you.
* * * LOW HITPOINT WARNING * * *
You take 1 damage, and have 9/47 hp.
Spoiler Alert: The centaur is fast and can hit for moderate damage at range!
You barely miss the centaur.
The centaur is heavily wounded.
The centaur closely misses you.
The centaur kicks you but does no damage.
The centaur completely misses you. You block the centaur's attack.
You hit the centaur but do no damage.
The centaur is heavily wounded.
The centaur hits you but does no damage.
The centaur kicks you but does no damage.
The centaur barely misses you. x2
Spoiler Alert: The centaur is fast and can hit for moderate damage at range!
You slash the centaur!
The centaur is almost dead.
The centaur misses you.
The centaur kicks you but does no damage.
The centaur barely misses you.
The centaur kicks you but does no damage.
Spoiler Alert: The centaur is fast and can hit for moderate damage at range!
You barely miss the centaur.
The centaur is almost dead.
The centaur hits you.
* * * LOW HITPOINT WARNING * * *
The centaur kicks you but does no damage.
The centaur hits you but does no damage.
You block the centaur's attack.
You take 3 damage, and have 7/47 hp.
Spoiler Alert: The centaur is fast and can hit for moderate damage at range!
You hit the centaur but do no damage.
The centaur is almost dead.
The centaur hits you but does no damage.
The centaur kicks you.
* * * LOW HITPOINT WARNING * * *
The centaur completely misses you. The centaur kicks you.
* * * LOW HITPOINT WARNING * * *
You take 4 damage, and have 3/47 hp.
Spoiler Alert: The centaur is fast and can hit for moderate damage at range!
You hit the centaur.
The centaur is almost dead.
The centaur closely misses you. You block the centaur's attack.
The centaur barely misses you. The centaur kicks you.
* * * LOW HITPOINT WARNING * * *
You take 1 damage, and have 2/47 hp.
Spoiler Alert: The centaur is fast and can hit for moderate damage at range!
You barely miss the centaur.
The centaur is almost dead.
The centaur hits you but does no damage.
The centaur barely misses you. The centaur hits you.
You die...

#.........# #.........#
#.........#
#.........### ##
#...........### ..
#####.........##
##..#...##..#
#....#.#..#.##### ###
#.#..#..@.#.....# .∩#
#..##...c#....#.# ..#
#.....>.....#.# ..###.
#..#....##..#.# .......
#.#....#..#...#
..###...#.#..#.#......#
### #.#..##...#.....#
#######.#..............
#...'∩#...###..####.###


You could see a centaur.

Vanquished Creatures
  An ogre (D:4)
  An orc wizard (D:4)
  A dart slug (D:2)
  2 orcs (D:4)
  6 ball pythons
  A bat (D:1)
  6 endoplasms
  A giant cockroach (D:1)
  3 goblins
  5 hobgoblins
  A kobold (D:1)
  2 quokkas
  2 frilled lizards
  3 rats
35 creatures vanquished.

Notes
Turn   | Place    | Note
-------+----------+-------------------------------------------
     0 | D:1      | Mgcat the Hill Orc Fighter began the quest for the Orb.
     0 | D:1      | Reached XP level 1. HP: 19/19 MP: 1/1
   161 | D:1      | Found a faded altar of an unknown god.
   168 | D:1      | Prayed at the altar of an unknown god.
   168 | D:1      | Became a worshipper of Beogh the Brigand
   168 | D:1      | Reached * piety under Beogh
   212 | D:1      | Reached skill level 3 in Axes
   426 | D:1      | Reached XP level 2. HP: 21/27 MP: 2/2
   834 | D:1      | Reached XP level 3. HP: 32/33 MP: 3/3
   911 | D:1      | Reached skill level 4 in Fighting
  1310 | D:2      | You fall into a shaft and drop 2 floors!
  1321 | D:4      | Found Niot Sih's Antique Weapon Shoppe.
  1347 | D:4      | Found Xaacar's Magic Scroll Shop.
  1385 | D:4      | Found a staircase to the Ecumenical Temple.
  1385 | D:4      | Noticed an ogre
  1402 | D:4      | HP: 2/33 [ogre/+0 giant club (31)]
  1404 | D:4      | Killed an ogre
  1404 | D:4      | Reached ** piety under Beogh
  1405 | D:4      | Reached skill level 4 in Axes
  1405 | D:4      | Reached skill level 4 in Armour
  1405 | D:4      | Reached skill level 4 in Shields
  1405 | D:4      | Reached XP level 4. HP: 3/41 MP: 4/4
  1405 | D:4      | Reached XP level 5. HP: 3/47 MP: 5/5
  1717 | D:4      | Found Ociag's Weapon Emporium.
  2037 | D:4      | Noticed a centaur
  2049 | D:4      | HP: 10/47 [centaur (6)]
  2055 | D:4      | HP: 7/47 [centaur (3)]
  2056 | D:4      | HP: 3/47 [centaur (2)]
  2058 | D:4      | Slain by a centaur

Illustrated notes

Levels and vault maps discovered:
D:1:      nzn_arrival_water_spiral, layout_basic, ebering_ecumenical_altar_mist,
          st_stairs_2
D:2:      layout_basic, grunt_ministairs_12, uniq_crazy_yiuf_cottage,
          uniq_natasha, uniq_robin
D:4:      layout_basic, mainiacjoe_overflow_boulevard,
          minmay_temple_entry_mini_moons, serial_shops,
          nicolae_shop_advertising_works [nicolae_subvault_shop_adworks],
          nicolae_shop_window_shopping, shop, shop,
          chequers_serial_rivers_micro_c, minmay_puff

Skill      XL: |  1  2  3 |
---------------+----------+-----
Axes           | 3 4 |  4.8
Fighting       | 4 |  4.5
Armour         | 4 |  4.0
Shields        | 4 |  4.1

Action                   |  1- 3 |  4- 6 || total
-------------------------+-------+-------++-------
Melee: War axe           |    82 |    31 ||   113
  Use: Potion            |     2 |     1 ||     3
Armor: Scale mail        |    36 |    24 ||    60
Dodge: Dodged            |    32 |    20 ||    52
Block: Buckler           |    15 |    10 ||    25

Table legend: (Time is in decaauts)
 A = Elapsed time spent in this place.
 B = Non-inter-level travel time spent in this place.
 C = Inter-level travel time spent in this place.
 D = Time resting spent in this place.
 E = Time spent auto-exploring this place.
 F = Levels seen in this place.
 G = Mean time per level.
                   A        B        C        D        E       F      G
               +--------+--------+--------+--------+--------+-----+--------+
         Total |   2101 |   2101 |      0 |    421 |   1351 |   3 |  700.3 |
       Dungeon |   2101 |   2101 |      0 |    421 |   1351 |   3 |  700.3 |
               +--------+--------+--------+--------+--------+-----+--------+

Top non-repeatable levels by time:
     D:1: 1136 daAuts
     D:4: 758 daAuts
     D:2: 207 daAuts

Table legend:
 A = Kills in this place as a percentage of kills in entire the game.
 B = Kills by you in this place as a percentage of kills by you in the entire game.
 C = Kills by friends in this place as a percentage of kills by friends in the entire game.
 D = Other kills in this place as a percentage of other kills in the entire game.
 E = Experience gained in this place as a percentage of experience gained in the entire game.
 F = Experience gained in this place divided by the number of levels of this place that you have seen.
                   A       B       C       D       E      F
               +-------+-------+-------+-------+-------+----------------------
         Total | 100.0 | 100.0 |   N/A |   N/A | 100.0 |  70.0
       Dungeon | 100.0 | 100.0 |   N/A |   N/A | 100.0 |  70.0
               +-------+-------+-------+-------+-------+----------------------
